 Dungeon Crawl Stone Soup version 0.23.2-1-ga50397a6bc (webtiles) character file.

Game seed: 17067852664506502779

3211 Gargoyl the Chopper (level 9, -4/74 HPs)
             Began as a Centaur Abyssal Knight on May 8, 2019.
             Was an Elder of Lugonu.
             Slain by a two-headed ogre
             ... wielding a +0 giant club
              (21 damage)
             ... on level 8 of the Dungeon.
             The game lasted 00:13:16 (10291 turns).

Gargoyl the Chopper (Centaur Abyssal Knight)       Turns: 10291, Time: 00:13:17

Health: -4/74      AC: 15    Str: 16    XL:     9   Next: 65%
Magic:  13/13      EV:  6    Int: 11    God:    Lugonu [****..]
Gold:   407        SH:  0    Dex: 14    Spells: 8/8 levels left

rFire    . . .     SeeInvis +   r - +2 war axe (venom)
rCold    + . .     Gourm    .   (no shield)
rNeg     . . .     Faith    .   u - +2 chain mail {rPois}
rPois    +         Spirit   .   o - +0 helmet
rElec    .         Reflect  .   q - +2 cloak {+Inv}
rCorr    .         Harm     .   (no gloves)
MR       .....                  (no barding)
Stlth    ..........             v - amulet "Uraescho" {RegenMP Dex+3 SInv}
HPRegen  0.22/turn              k - ring of protection from cold
MPRegen  0.38/turn              (no ring)

@: very quick
A: large, hooves 3, deformed body, speed 2, tough skin 3
a: Depart the Abyss, Bend Space, Banish, Corrupt, Renounce Religion, Evoke
Invisibility


You were on level 8 of the Dungeon.
You worshipped Lugonu.
Lugonu was greatly pleased with you.
You were hungry.

You visited 1 branch of the dungeon, and saw 8 of its levels.
You visited the Abyss 1 time.

You collected 407 gold pieces.

Inventory:

Hand Weapons
 a - a +2 hand axe
 r - a +2 war axe of venom (weapon)
 w - a +0 broad axe
Missiles
 t - 21 tomahawks (quivered)
Armour
 o - a +0 helmet (worn)
 q - a +2 cloak of invisibility (worn)
 u - a +2 chain mail of poison resistance (worn)
Jewellery
 k - a ring of protection from cold (left hand)
 v - the amulet "Uraescho" (around neck) {RegenMP Dex+3 SInv}
   (You found it on level 6 of the Dungeon)

   [amulet of magic regeneration]

   It increases your magic regeneration.
   It affects your dexterity (+3).
   It lets you see invisible.
Scrolls
 b - 3 scrolls of identify
 f - 5 scrolls of remove curse
 m - 2 scrolls of blinking
 s - a scroll of fear
 x - a scroll of acquirement {unknown}
Potions
 d - 2 potions of berserk rage
 e - a potion of lignification
 g - 2 potions of invisibility
 h - a potion of might
 i - a potion of resistance {unknown}
 j - 2 potions of flight {unknown}
 l - 3 potions of haste {unknown}
 n - 3 potions of curing {unknown}
 p - 2 potions of mutation {unknown}
 z - a potion of cancellation {unknown}
Comestibles
 c - 16 rations


   Skills:
 + Level 5.4 Fighting
 + Level 6.8 Axes
 + Level 1.2 Throwing
 * Level 5.6 Armour
 * Level 3.8 Dodging
 * Level 6.5 Invocations
 + Level 0.2 Evocations


You had 8 spell levels left.
You didn't know any spells.
Your spell library contained the following spells:

 Spells                   Type           Power        Failure   Level  Hunger
 Freeze                   Ice            #...         99%         1    ##.....
 Poisonous Vapours        Pois/Air       #.....       100%        2    ###....
 Throw Frost              Conj/Ice       #.....       100%        2    ###....
 Conjure Flame            Conj/Fire      #.......     100%        3    ####...
 Mephitic Cloud           Conj/Pois/Air  #.......     100%        3    ####...
 Ozocubu's Armour         Chrm/Ice       #.......     100%        3    ####...
 Summon Ice Beast         Ice/Summ       #.......     100%        4    #####..
 Throw Icicle             Conj/Ice       #.......     100%        4    #####..
 Freezing Cloud           Conj/Ice/Air   #.........   100%        6    #######
 Ring of Flames           Chrm/Fire      #.........   100%        7    #######


Dungeon Overview and Level Annotations

Branches:
Dungeon (8/15)             Temple (0/1) D:6
   Lair: D:8-11

Altars:
Cheibriados
Hepliaklqana
Kikubaaqudgha
Nemelex Xobeh
Ru
Sif Muna
Yredelemnul

Shops:
D:5 =


Innate Abilities, Weirdness & Mutations

You have hooves in place of feet.
Armour fits poorly on your strangely shaped body.
You cover ground very quickly.
You have extremely tough skin. (AC +3)


Message History

The two-headed ogre hits you with a +0 giant club!
The two-headed ogre barely misses you.
You slash the two-headed ogre!
You kick the two-headed ogre, but do no damage.
The two-headed ogre is moderately wounded.
Your chain mail prevents you from hitting the two-headed ogre.
You kick the two-headed ogre!
The two-headed ogre is heavily wounded.
The two-headed ogre barely misses you.
The two-headed ogre hits you but does no damage.
You slash the two-headed ogre! You kick the two-headed ogre.
The two-headed ogre is severely wounded.
The two-headed ogre hits you with a +0 giant club!
The two-headed ogre hits you but does no damage.
You barely miss the two-headed ogre.
The two-headed ogre is severely wounded.
The two-headed ogre hits you with a +0 giant club!!
* * * LOW HITPOINT WARNING * * *
The two-headed ogre hits you with a +0 giant club!!
You die...

### #.. #.# #.#
#(# #O# #@# #.#
##### #.# #...#
#.#####.#.#
#.......#.#
#########.########
#............#
#............#
#.........≈≈.#


You could see a two-headed ogre.

Vanquished Creatures
  A hippogriff (D:7)
  An ice beast (D:4)
  3 sky beasts
  2 orc warriors (D:7)
  6 ogres
  2 phantoms
  4 centaurs
  A wyvern zombie (D:8)
  3 bullfrogs
  Blork the orc (D:4)
  A crimson imp (D:6)
  A quasit (D:4)
  A centaur zombie (D:5)
  6 orc priests
  2 bullfrog skeletons (D:4)
  2 hounds
  6 orc wizards
  2 gnoll shamans (D:6)
  2 jellies
  A centaur skeleton (D:7)
  2 iguanas (D:4)
  2 worker ants (D:6)
  A hound zombie (D:7)
  A hound skeleton (D:7)
  10 adders
  8 gnolls
  A shadow imp (D:4)
  An ooze (D:4)
  4 worms
  A dart slug (D:1)
  4 leopard geckos
  38 orcs
  3 ball pythons
  2 bat zombies (D:2)
  6 giant cockroaches
  7 hobgoblins
  9 jackals
  6 quokkas
  4 bats
  6 frilled lizards
  12 goblins
  10 kobolds
  A leopard gecko zombie (D:5)
  10 rats
197 creatures vanquished.

Notes
Turn   | Place    | Note
-------+----------+-------------------------------------------
     0 | Abyss:1  | Gargoyl the Centaur Abyssal Knight began the quest for the
                  | Orb.
     0 | Abyss:1  | Reached XP level 1. HP: 19/19 MP: 2/2
     6 | Abyss:1  | Found a corrupted altar of Lugonu.
    74 | Abyss:3  | Found a corrupted altar of Lugonu.
   130 | Abyss:3  | Found a corrupted altar of Lugonu.
   153 | Abyss:4  | Got a jewelled scale mail
   154 | Abyss:4  | Noticed a sixfirhy
   155 | D:1      | Escaped the Abyss
   166 | D:1      | Identified the +3 scale mail of Minor Irritation {rPois rF-
                  | rN+} (You found it on level 4 of the Abyss)
   382 | D:1      | Reached * piety under Lugonu
   382 | D:1      | Reached XP level 2. HP: 26/26 MP: 3/3
   472 | D:1      | Reached skill level 1 in Dodging
   877 | D:2      | Reached XP level 3. HP: 28/31 MP: 4/4
  1352 | D:2      | Reached XP level 4. HP: 38/38 MP: 5/5
  1358 | D:2      | Reached ** piety under Lugonu
  1736 | D:2      | Found an ancient bone altar of Kikubaaqudgha.
  2804 | D:4      | Noticed an ogre
  2817 | D:4      | Killed an ogre
  2817 | D:4      | Reached XP level 5. HP: 25/46 MP: 5/7
  2990 | D:4      | Reached *** piety under Lugonu
  3184 | D:4      | Reached XP level 6. HP: 44/52 MP: 8/8
  3719 | D:4      | Noticed Blork the orc
  3729 | D:4      | Killed Blork the orc
  4258 | D:5      | Entered Level 5 of the Dungeon
  4259 | D:5      | Noticed an ice beast
  4410 | D:4      | Killed an ice beast
  4410 | D:4      | Reached XP level 7. HP: 31/59 MP: 9/9
  4566 | D:5      | HP: 2/59 [orc priest/divine providence (10)]
  5603 | D:5      | Found a sacrificial altar of Ru.
  5960 | D:5      | Found Geigicsa's Jewellery Emporium.
  6342 | D:5      | Reached XP level 8. HP: 67/67 MP: 11/11
  6490 | D:6      | Found a basalt altar of Yredelemnul.
  6534 | D:6      | Reached skill level 5 in Invocations
  6754 | D:6      | Reached **** piety under Lugonu
  6760 | D:6      | Reached skill level 5 in Axes
  7134 | D:6      | Got a sparkling emerald amulet
  7135 | D:6      | Identified the amulet "Uraescho" {RegenMP Dex+3 SInv} (You
                  | found it on level 6 of the Dungeon)
  7164 | D:6      | Got a crude long sword
  7165 | D:6      | Identified the cursed +0 long sword "Wozakhlavun" {drain,
                  | rN+++ Str-4 Dex+5} (You found it on level 6 of the Dungeon)
  7203 | D:6      | Found a staircase to the Ecumenical Temple.
  8299 | D:7      | Reached skill level 5 in Fighting
  8450 | D:7      | Reached XP level 9. HP: 20/74 MP: 13/13
  8929 | D:7      | Reached skill level 5 in Armour
  9358 | D:7      | Reached skill level 1 in Throwing
  9954 | D:7      | Found a deep blue altar of Sif Muna.
  9964 | D:7      | Found a sparkling altar of Nemelex Xobeh.
  9964 | D:7      | Found a basalt altar of Yredelemnul.
  9967 | D:7      | Found a hazy altar of Hepliaklqana.
  9968 | D:7      | Found a snail-covered altar of Cheibriados.
 10283 | D:8      | Noticed a two-headed ogre
 10291 | D:8      | Slain by a two-headed ogre

Skill      XL: |  1  2  3  4  5  6  7  8  9 |
---------------+----------------------------+-----
Dodging        | 1 2 3 |  3.8
Axes           | 2 3 4 5 6 |  6.8
Armour         | 2 3 4 5 |  5.6
Invocations    | 3 4 5 6 |  6.5
Fighting       | 4 5 |  5.4
Throwing       | 1 |  1.2
Evocations     | |  0.2

Action                   |  1- 3 |  4- 6 |  7- 9 || total
-------------------------+-------+-------+-------++-------
Melee: Hand axe          |    74 |   191 |    94 ||   359
       Kick              |    13 |    36 |    80 ||   129
       War axe           |       |       |   214 ||   214
Throw: Tomahawk          |       |     1 |    14 ||    15
Invok: Depart the Abyss  |     1 |       |       ||     1
 Abil: Evoke Invisibilit |       |       |     1 ||     1
  Use: Scroll            |     8 |     2 |     9 ||    19
       Potion            |       |     1 |       ||     1
 Stab: Invisible         |       |       |     4 ||     4
       Paralysed         |       |       |     2 ||     2
  Eat: Chunk             |       |     9 |     9 ||    18
       Ration            |       |       |     2 ||     2
Armor: Scale mail        |    54 |   161 |    53 ||   268
       Chain mail        |       |       |   181 ||   181
Dodge: Dodged            |    36 |    90 |   135 ||   261
